 Dungeon Crawl Stone Soup version 0.29.1-14-g9c671dbff4 (webtiles) character file.

Game seed: 10177589022767950369

366 raph the Stinger (level 6, -8/32 HPs)
             Began as a Deep Elf Venom Mage on Feb 12, 2023.
             Was an Initiate of Kikubaaqudgha.
             Mangled by an ogre
             ... wielding a +0 giant club
              (32 damage)
             ... on level 3 of the Dungeon.
             The game lasted 00:08:09 (4480 turns).

raph the Stinger (Deep Elf Venom Mage)              Turns: 4480, Time: 00:08:10

Health: -8/32      AC:  5    Str:  5    XL:     6   Next: 40%
Magic:  6/16       EV: 12    Int: 22    God:    Kikubaaqudgha [......]
Gold:   42         SH:  0    Dex: 15    Spells: 3/16 levels left

rFire   . . .      SeeInvis .   e - +0 dagger (flame)
rCold   . . .      Faith    .   (no shield)
rNeg    . . .      Spirit   .   a - +0 robe
rPois   .          Reflect  .   c - +0 helmet
rElec   .          Harm     .   (no cloak)
rCorr   .          Rampage  .   (no gloves)
Will    .....                   n - +1 pair of boots
Stlth   ++........              (no amulet)
HPRegen 0.10/turn               (no ring)
MPRegen 0.15/turn               (no ring)

@: no status effects
A: no striking features
a: Renounce Religion


You were on level 3 of the Dungeon.
You worshipped Kikubaaqudgha.
Kikubaaqudgha was noncommittal.
You visited 1 branch of the dungeon, and saw 4 of its levels.

You collected 141 gold pieces.
You spent 99 gold pieces at shops.

Inventory:

Hand Weapons
 e - a +0 dagger of flaming (weapon)
Armour
 a - a +0 robe (worn)
 c - a +0 helmet (worn)
 n - a +1 pair of boots (worn)
Jewellery
 l - a ring of ice
Wands
 p - a wand of iceblast (6)
Scrolls
 d - a scroll of teleportation
 k - a scroll of identify
 m - a scroll of immolation
Potions
 b - 2 potions of magic
 f - 2 potions of invisibility
 g - 2 potions of curing
 h - a potion of degeneration
 i - a potion of cancellation {unknown}
 j - 3 potions of flight
 o - a potion of lignification


   Skills:
 - Level 2.4 Dodging
 - Level 2.4 Stealth
 + Level 5.8 Spellcasting
 - Level 1.1 Transmutations
 * Level 6.7 Poison Magic


You had 3 spell levels left.
You knew the following spells:

 Your Spells              Type           Power      Damage    Failure   Level
a - Sting                 Tmut/Pois      92%        1d7       1%          1
b - Poisonous Vapours     Pois/Air       42%        N/A       3%          2
c - Mephitic Cloud        Conj/Pois/Air  16%        N/A       11%         3
d - Olgreb's Toxic Radia  Pois           36%        N/A       6%          4
e - Tukima's Dance        Hex            6%         N/A       28%         3

Your spell library contained the following spells:

 Spells                   Type           Power      Damage    Failure   Level
 Portal Projectile        Hex/Tloc       12%        N/A       28%         3
 Blade Hands              Tmut           5%         N/A       86%         5


Dungeon Overview and Level Annotations

Branches:
Dungeon (4/15)
 Temple: D:4-7

Altars:
Elyvilon
Kikubaaqudgha

Shops:
D:1 ?


Message History

The iguana looks as sick as possible!
The iguana is severely wounded.
The iguana bites you!
A worm comes into view.
You kill the iguana!
Kikubaaqudgha accepts your kill.
There is a stone staircase leading up here.
You climb upwards.
There is a stone staircase leading down here.
You start resting.
Magic restored.
You start resting.
An ogre is nearby!
Casting: Sting (safe; 1% risk of failure)
Confirm with . or Enter, or press ? or * to list all spells.
You begin to radiate toxic energy.
The ogre shouts!
The ogre is poisoned.
The ogre looks even sicker.
Your toxic aura wanes.
Casting: Olgreb's Toxic Radiance (quite dangerous; 6% risk of failure)
Confirm with . or Enter, or press ? or * to list all spells.
Aiming: Mephitic Cloud (quite dangerous; 11% risk of failure)
Press: ? - help, Shift-Dir - straight line, f - ogre
Aim: an ogre, wielding a +0 giant club (moderately wounded, very poisoned, chance to affect: 77%)
The ball explodes into a vile cloud!
The stinking cloud engulfs the ogre but does no damage.
The ogre is moderately wounded.
The ogre is engulfed in noxious fumes.
The ogre attacks as you move away! The ogre hits you with a +0 giant club.
Casting: Mephitic Cloud (quite dangerous; 11% risk of failure)
Confirm with . or Enter, or press ? or * to list all spells.
You begin to radiate toxic energy.
The ogre looks even sicker. x2
The ogre attacks as you move away! The ogre misses you.
The ogre looks as sick as possible!
Your toxic aura wanes.
The ogre attacks as you move away!
The ogre hits you with a +0 giant club!!
Ouch! That really hurt!
You die...
Kikubaaqudgha rasps: "You have failed me!
Welcome... death!"

### #..##..###..##.....##.##
#.#......###..#.###.....##.##
#.#)###### ##...###.....##.#.
#.#.# #.....##.†.##.^#.
###...# ###.#######.####.#.
###[...## #.@.# #.####.#.
.(.....########O#.#
##......##
####.####.>.....#.#
#..####... ###.# ##.#######.#
###.### ##.. ##...# #..# #.<#
#.....# ### #..###
#.#######.## #.....####..
..######..........#
#..........#
##................#
########....
##.######.........# ###..###


You could see an ogre (extremely poisoned).

Vanquished Creatures
  Sigmund (D:2)
  A hound (D:4)
  An iguana (D:4)
  Terence (D:2)
  Ijyb (D:3)
  Robin (D:2)
  An adder (D:3)
  2 dart slugs (D:1)
  6 orcs
  10 ball pythons
  4 endoplasms
  2 giant cockroaches (D:3)
  11 goblins
  11 hobgoblins
  2 jackals (D:1)
  2 quokkas
  7 bats
  5 frilled lizards
  6 kobolds
  3 rats
78 creatures vanquished.

Notes
Turn   | Place    | Note
-------+----------+-------------------------------------------
     0 | D:1      | raph the Deep Elf Venom Mage began the quest for the Orb.
     0 | D:1      | Reached XP level 1. HP: 10/10 MP: 6/6
   516 | D:1      | Reached XP level 2. HP: 15/15 MP: 4/8
   572 | D:1      | Reached skill level 4 in Poison Magic
   771 | D:1      | Learned a level 2 spell: Poisonous Vapours
   811 | D:1      | Found Woba Ill's Magic Scroll Shoppe.
  1275 | D:1      | Reached XP level 3. HP: 19/19 MP: 4/9
  1563 | D:2      | Noticed Sigmund
  1586 | D:2      | Killed Sigmund
  1587 | D:2      | Reached skill level 5 in Spellcasting
  1587 | D:2      | Reached skill level 5 in Poison Magic
  1587 | D:2      | Reached XP level 4. HP: 15/24 MP: 1/13
  1587 | D:2      | Reached XP level 5. HP: 18/28 MP: 1/14
  1818 | D:1      | Learned a level 3 spell: Mephitic Cloud
  1823 | D:1      | Learned a level 4 spell: Olgreb's Toxic Radiance
  1844 | D:2      | Found a faded altar of an unknown god.
  1852 | D:2      | Noticed Terence
  1871 | D:2      | Killed Terence
  1872 | D:2      | Reached skill level 6 in Poison Magic
  2073 | D:2      | Noticed Robin
  2082 | D:2      | Killed Robin
  2271 | D:1      | Bought a scroll of identify for 22 gold pieces
  2274 | D:1      | Bought a scroll of identify for 22 gold pieces
  2275 | D:1      | Bought a scroll of teleportation for 33 gold pieces
  2956 | D:1      | Bought a scroll of identify for 22 gold pieces
  3471 | D:3      | Learned a level 3 spell: Tukima's Dance
  3494 | D:3      | Reached XP level 6. HP: 32/32 MP: 11/16
  3543 | D:3      | Found an ancient bone altar of Kikubaaqudgha.
  3552 | D:3      | Became a worshipper of Kikubaaqudgha
  3619 | D:3      | Found a white marble altar of Elyvilon.
  3709 | D:3      | Identified the +1 leather armour of Zuroi {-Tele Will+
                  | rCorr}
  3810 | D:3      | Noticed Ijyb
  3822 | D:3      | Killed Ijyb
  4480 | D:3      | Mangled by an ogre

Illustrated notes

Levels and vault maps discovered:
D:1:      dreamdust_arrival_beginning_and_end, layout_rooms, serial_shops,
          shop_scrolls, minmay_cupped
D:2:      cheibrodos_helix_gallery, layout_basic, basic_ecumenical_altar,
          hangedman_decor_riveting, nicolae_concentric_dashed_squares_wild,
          uniq_robin, uniq_terence, uniq_sigmund
D:3:      layout_rooms, kiku_gazebo_pond_becter, marbit_many_paths,
          serial_bayou_crossing, uniq_ijyb
D:4:      layout_loops_ring, uniq_eustachio

Skill      XL: |  1  2  3  4  5 |
---------------+----------------+-----
Poison Magic   | 4 5 6 |  6.7
Spellcasting   | 5 |  5.8
Dodging        | |  2.4
Stealth        | |  2.4
Transmutations | |  1.1

Action                   |  1- 3 |  4- 6 || total
-------------------------+-------+-------++-------
Melee: Dagger            |    11 |    37 ||    48
       Unarmed           |     1 |       ||     1
 Cast: Sting             |    41 |    12 ||    53
       Poisonous Vapours |    14 |    17 ||    31
       Olgreb's Toxic Ra |       |    17 ||    17
       Mephitic Cloud    |       |     5 ||     5
  Use: Scroll            |     1 |     9 ||    10
 Stab: Sleeping          |     3 |     4 ||     7
       Confused          |       |     2 ||     2
Armor: Robe              |    12 |     8 ||    20
Dodge: Dodged            |    30 |    24 ||    54
